[Event "FRA-ch Teams Top 16-B 2022"]
[Site "Chartres"]
[Date "2022.06.15"]
[Round "7.19"]
[White "Real, Thibault"]
[Black "Le Hetet, Nicolas"]
[Result "1/2-1/2"]
[ECO "B30"]
[WhiteElo "2262"]
[BlackElo "2372"]
[Annotator "TA"]
[PlyCount "66"]
[EventDate "2022.06.09"]
[EventType "team-tourn"]
[EventCountry "FRA"]
[SourceTitle "playchess.com"]
[Source "ChessBase"]
[SourceQuality "1"]
[TimeControl "40/5400+30:1800+30"]

1. e4 c5 2. Nf3 Nc6 3. Bc4 e5 4. O-O Be7 5. d4 cxd4 6. c3 $1 {[%emt 0:01:02] B30: Sicilian: 2...Nc6 3 Bb5, lines without ...g6.} Nf6 7. cxd4 exd4 8. e5 {[%emt 0:00:11] White has an edge.} Ne4 9. Bd5 Nc5 10. Nxd4 Nxe5 {[%emt 0:05:56] [#]} 11. Nc3 $146 ({Predecessor:} 11. b4 Ne6 12. Nf5 Bf6 13. Nd6+ Kf8 14. Nc3 Nc6 15. Nde4 Be5 16. b5 Ncd4 17. f4 {1-0 (23) Pap,M (2459)-Hess,M (2114) Bad Woerishofen 2015}) 11... d6 12. h3 {[%emt 0:00:08][%mdl 1024] White has compensation.} (12. b4 $5 Ne6 13. Nf5 $11) 12... O-O 13. Be3 Bf6 14. a3 a5 (14... Nc6 $11) 15. Ndb5 {[%emt 0:03:36] White is more active.} ({White should play} 15. Qc2 $14) 15... Ned3 (15... Bf5 $11) 16. Rb1 (16. Qe2 $1 $16) 16... a4 17. Nxa4 Rxa4 $11 18. b4 Nb2 19. Rxb2 Bxb2 20. Nxd6 {[%emt 0:03:52] [#]} (20. bxc5 $11 Rxa3 21. Nxa3 Bxa3 22. cxd6) 20... Be6 21. Bxc5 {[%emt 0:05:37] [#]} (21. bxc5 $11 {was the only way to keep the balance.} Qd7 22. Bxe6 fxe6 23. Qb3 Bxa3 24. c6 bxc6 25. Qxa4 Bxd6 26. Ra1) 21... Bxd5 $1 $17 22. Qxa4 (22. Nf5 Bxg2) 22... b6 23. Rd1 $2 (23. Nxf7 $17 Qa8 24. Qxa8 Rxa8 25. Nh6+ gxh6 26. Bxb6) 23... Qg5 $19 24. Rxd5 Qxd5 25. Nf5 Qxf5 26. Bxf8 {[%emt 0:00:05][%cal Of8c5][%mdl 4096] Endgame Strongly threatening Bc5! KQB-KQB} Qb1+ $2 (26... Bd4 $19 {is more deadly.} 27. Qd1 Qxf2+ 28. Kh1 Kxf8) 27. Kh2 $17 {[%emt 0:00:05][%cal Of8c5] Bc5! is the strong threat.} Be5+ ({Much weaker is} 27... Kxf8 $6 28. Qa8+ Ke7 29. Qb7+ Kf6 30. Qxb6+ Kf5 31. g4+ Kg5 32. Qc5+ f5 33. Qe7+ Bf6 34. Qe3+ Kh4 35. Qg3+ Kg5 36. Qe3+ Kh4 37. Qg3+ Kg5 38. Qe3+ $11) 28. g3 Kxf8 29. Qa8+ Ke7 {[%emt 0:00:03] And now ...Qc2 would win.} 30. Qb7+ Ke8 (30... Kf6 $17 {aiming for ...g6.} 31. Qxb6+ Kf5) 31. Qc6+ (31. Qc8+ $11 {keeps the balance.} Ke7 32. Qb7+ Ke6 33. Qxb6+ Kf5 34. Qc5) 31... Ke7 {[%emt 0:00:20] White must now prevent ...Qg6.} 32. Qb7+ Ke6 33. Qc8+ {[%emt 0:01:31] [#]} Ke7 $2 {[%emt 0:00:33] Weighted Error Value: White=0.42/Black=0.41} (33... Kf6 $1 $17 34. Qc6+ Kf5) 1/2-1/2

[Event "FRA-ch Teams Top 16-B 2022"]
[Site "Chartres"]
[Date "2022.06.15"]
[Round "7.20"]
[White "Favarel, Julien"]
[Black "Eugene, Floryan"]
[Result "0-1"]
[ECO "C47"]
[WhiteElo "2312"]
[BlackElo "2370"]
[Annotator "TA"]
[PlyCount "78"]
[EventDate "2022.06.09"]
[EventType "team-tourn"]
[EventCountry "FRA"]
[SourceTitle "playchess.com"]
[Source "ChessBase"]
[SourceQuality "1"]
[TimeControl "40/5400+30:1800+30"]

1. e4 e5 2. Nf3 Nc6 3. d4 exd4 4. Nxd4 Nf6 5. Nxc6 bxc6 6. Nc3 Bb4 7. Bd3 d5 8. Bd2 O-O 9. O-O Rb8 {[%emt 0:00:08] C47: Scotch Four Knights and Four Knights with 4 g3.} 10. Re1 Bg4 $1 {[%emt 0:01:20][%mdl 4] is more profitable than 10...Re8 at the moment.} 11. Qc1 (11. f3 $5 Bh5 12. exd5 $11) 11... Re8 {[%emt 0:00:06] The position is equal.} 12. exd5 Rxe1+ 13. Qxe1 cxd5 14. h3 Be6 {[%emt 0:09:53] [#]} 15. a3 $146 ({Predecessor:} 15. b3 c5 16. Na4 Bxd2 17. Qxd2 Qc7 18. Qe3 Nd7 19. Rd1 h6 20. c3 c4 21. Bc2 {1-0 (47) Lagarde,M (2647)-Esipenko,A (2713) Terme Catez 2021}) 15... Bf8 16. b4 c5 17. bxc5 Bxc5 18. Na4 Bf8 19. Bb4 Bd7 20. Bxf8 Qxf8 21. Qa5 Bxa4 22. Qxa4 Qc5 23. Re1 g6 24. g3 Kg7 25. Kg2 a5 26. Re3 Rb1 27. Rf3 (27. Qf4 $11 {is more appropriate.}) 27... Qc3 $1 $40 {[%emt 0:01:00][%mdl 128] Black has strong attack.} 28. Qf4 {[%emt 0:03:36] [#]} Qa1 $1 {[%emt 0:01:55] Black is more active.} 29. Bf1 $2 {[%emt 0:05:55][%mdl 8192] Loses the game.} Rxf1 $19 30. Qxf6+ Qxf6 31. Rxf6 Kxf6 32. Kxf1 {[%emt 0:00:19][%mdl 4096] Endgame [#] KP-KP} Ke5 $1 33. c3 d4 34. Ke2 dxc3 {[%emt 0:00:06] ( -> ...c2)} 35. Kd3 f5 {[%emt 0:04:02][%cal Oc3c2,Bf7f5,Bf5f4][%mdl 32] ...c2! is the strong threat.} 36. f3 f4 {[%emt 0:03:56] Black mates.} 37. g4 c2 $1 38. Kxc2 Kd4 39. Kd2 g5 {[%emt 0:00:06] Weighted Error Value: White=0.44/Black=0.04 (flawless)} 0-1

[Event "FRA-ch Teams Top 16-B 2022"]
[Site "Chartres"]
[Date "2022.06.15"]
[Round "7.21"]
[White "De Pierrefeu, Thibaut"]
[Black "Ternault, Mathieu"]
[Result "0-1"]
[ECO "C01"]
[WhiteElo "2181"]
[BlackElo "2367"]
[Annotator "TA"]
[PlyCount "58"]
[EventDate "2022.06.09"]
[EventType "team-tourn"]
[EventCountry "FRA"]
[SourceTitle "playchess.com"]
[Source "ChessBase"]
[SourceQuality "1"]
[TimeControl "40/5400+30:1800+30"]

1. e4 e6 2. d4 d5 3. exd5 exd5 4. Nf3 Nf6 5. Bd3 c5 6. O-O c4 7. Re1+ Be7 8. Bf1 O-O {[%emt 0:01:27] C01: French: Exchange Variation.} 9. b3 cxb3 10. axb3 Nc6 {[%emt 0:00:28] The position is equal.} 11. h3 Bf5 (11... Ne4 {looks sharper.} 12. c4 Be6 13. Ba3 Re8) 12. Ba3 Bxa3 13. Nxa3 Rc8 14. Ne5 Ne4 15. Nxc6 ({White should try} 15. c4 $11) 15... Rxc6 $15 {[%emt 0:02:07] [#]} 16. c4 $146 ({Predecessor:} 16. Re3 Qf6 17. Rf3 Ng5 18. Re3 Ne6 19. c3 a6 20. b4 b5 21. Qb3 Nf4 22. Rae1 {½-½ (63) Touzane,O (2500)-Hamdouchi,H (2535) Montpellier 1996}) 16... Rg6 {[%emt 0:16:22] And now ...Qh4 would win.} 17. cxd5 {[%emt 0:08:50] Loses the game.} (17. Qf3 $15 Bxh3 18. Rxe4 (18. Qxh3 Rh6 $17) (18. cxd5 $2 Ng5 $17) 18... dxe4 19. Qxh3) 17... Qh4 $19 ({But not} 17... Qxd5 18. Qf3 $14) 18. Qf3 {[%emt 0:08:40] [#]} (18. Ra2 {was the only chance.} Nc3 19. Qf3 Nxa2 20. Qxf5) 18... Ng5 $1 {[%emt 0:05:15][%mdl 64] Discovered Attack} 19. Qxf5 Nxh3+ $1 20. Kh2 (20. Qxh3 $19 Qxh3 21. Nc2) 20... Nxf2+ (20... Ng5+ $142 21. Kg1 Rh6 22. Qh3 Nxh3+ 23. gxh3 Rg6+ 24. Bg2 Qxh3 25. Kf1 Qxg2+ 26. Ke2 Qe4+ 27. Kd1 Qxd4+ 28. Kc1 Qxa1+ 29. Kd2 Qd4+ 30. Kc1 Rc8+ 31. Kb1 Qxf2 32. Nc4 Rg2 33. Re2 Qxe2 34. Nd2 Qxd2 35. Ka1 Rg1#) 21. Kg1 {[%emt 0:00:08] Black is clearly winning.} Ng4 22. Bd3 Qh2+ 23. Kf1 Rf6 24. Qxf6 gxf6 25. Nc4 Qf4+ 26. Ke2 Re8+ 27. Kd1 Rxe1+ 28. Kxe1 Qf2+ 29. Kd1 Qg1+ {[%emt 0:00:11] Weighted Error Value: White=1.13/Black=0.26 (precise)} 0-1

[Event "FRA-ch Teams Top 16-B 2022"]
[Site "Chartres"]
[Date "2022.06.15"]
[Round "7.22"]
[White "Boukhris-Ferre, Yacine"]
[Black "Hutois, Mickael"]
[Result "1/2-1/2"]
[ECO "C78"]
[WhiteElo "2183"]
[BlackElo "2238"]
[Annotator "TA"]
[PlyCount "122"]
[EventDate "2022.06.09"]
[EventType "team-tourn"]
[EventCountry "FRA"]
[SourceTitle "playchess.com"]
[Source "ChessBase"]
[SourceQuality "1"]
[TimeControl "40/5400+30:1800+30"]

1. e4 e5 2. Nf3 Nc6 3. Bb5 a6 4. Ba4 Nf6 5. O-O b5 6. Bb3 Bc5 {[%emt 0:00:06] is the new trend.} 7. a4 {[%emt 0:00:46] Hoping for axb5.} Rb8 {[%emt 0:00:18] [#] C78: Ruy Lopez: Archangelsk and Möller Defences.} (7... Nxe4 $2 8. axb5 Nxf2 9. Qe2 $18 (9. Rxf2 Bxf2+ 10. Kxf2 Nd4 $16)) 8. Nxe5 $1 Nxe5 9. d4 Bxd4 {[%emt 0:00:06] White has an edge.} 10. Qxd4 d6 11. Bf4 $1 c5 12. Qd2 c4 (12... Nxe4 13. Qe1 $16) 13. Ba2 O-O (13... bxa4 14. Rd1 Bb7 15. Qxd6 Qxd6 16. Rxd6 Nxe4 17. Rd4 $16 (17. Bxe5 Nxd6 18. Nd2 Rd8 $17)) 14. f3 Qb6+ (14... bxa4 15. Nc3 $14) (14... Be6 $5 ) 15. Be3 Qc7 16. Nc3 {[%emt 0:00:00] [#]} Be6 $146 ({Predecessor:} 16... b4 17. Ne2 Be6 18. Bd4 Rfe8 19. Ng3 Qe7 20. f4 Red8 21. a5 Ned7 22. Qe3 Re8 {1-0 (53) Santos Latasa,J (2585)-Janik,I (2466) Sitges 2019}) 17. Rad1 b4 18. Nd5 Nxd5 19. exd5 Bd7 20. Bd4 (20. f4 $5 Ng4 21. Bd4 $11) 20... Bxa4 21. f4 Nd7 22. Rf3 f6 23. Rh3 (23. Re1 $11 {keeps the balance.}) 23... Rf7 24. Re1 Nf8 25. Qe2 (25. Rhe3 $15) 25... Re8 $17 26. Qf2 Rxe1+ 27. Qxe1 a5 28. c3 Re7 29. Qf2 Bd7 30. f5 b3 31. Bb1 Qb7 32. Re3 Rxe3 33. Qxe3 Qxd5 34. Be4 Qb5 35. Qf3 {[%emt 0:02:45] [#]} a4 $2 (35... h6 $1 $19 36. Bd5+ Kh8) 36. Bd5+ $11 Kh8 37. Qe4 $2 (37. g4 $1 $11 a3 38. g5 axb2 39. gxf6 b1=Q+ 40. Kf2) 37... a3 $2 (37... h6 $19 {[%cal Oa4a3] ...a3! is the strong threat.} 38. Bxf6 gxf6) 38. Bxf6 $1 {[%emt 0:00:18][%cal Oe4e7] White threatens Qe7! and mate. The position is equal.} gxf6 (38... a2 {is a self mate.} 39. Bxg7+ Kxg7 40. Qe7+ Kh6 41. h4 a1=Q+ 42. Kh2 Ng6 43. fxg6) 39. Qe7 Qxd5 40. Qxf8+ Qg8 41. Qxf6+ Qg7 42. Qd8+ Be8 43. Qxe8+ {[%emt 0:00:36][%mdl 4096] Endgame KQ-KQ} Qg8 44. Qe7 (44. Qxg8+ Kxg8 45. bxa3 b2 46. h3 b1=Q+ 47. Kh2 Qxf5 48. h4 Qe5+ 49. g3 Qxc3 50. a4 Qd2+ 51. Kh3 c3 52. h5 c2 53. Kh4 c1=Q 54. Kg4 Qg5+ 55. Kf3 Qf1+ 56. Ke4 Qe5#) 44... h6 (44... a2 $5 45. Qf6+ Qg7 46. Qd8+ Qg8 47. Qf6+ Qg7 48. Qd8+ Qg8 49. Qf6+ $11) 45. Qxd6 (45. Qf6+ Qg7 46. Qd8+ Kh7 47. Qxd6 axb2 48. Qd1 Qa7+ 49. Kf1 Qa1 50. Qe1 Qxe1+ 51. Kxe1 b1=Q+ 52. Kf2 b2 53. g4 Qd3 54. h4 b1=Q 55. Kg2 Qbf1+ 56. Kh2 Qdh3#) 45... Qg5 {[%emt 0:00:00] ( -> ...Qe3+)} 46. Qxa3 Qe3+ 47. Kf1 Qd3+ 48. Kf2 Qxf5+ 49. Ke3 Qe5+ 50. Kf3 {[%emt 0:00:00] aiming for Qf8+.} Qf5+ 51. Ke3 {[%emt 0:00:00] And now Qa8+ would win.} Qe5+ 52. Kf3 Qd5+ 53. Ke3 {[%emt 0:00:00] Threatens to win with Qf8+.} Kg8 {[%emt 0:00:00] Inhibits Qf8+.} 54. Kf2 Qf5+ 55. Ke3 Qe5+ 56. Kf3 {[%emt 0:00:00] Black must now prevent Qa8+.} Qd5+ 57. Kf2 Qd2+ 58. Kf3 Qd1+ 59. Kf2 Qc2+ 60. Kf3 Qf5+ 61. Ke3 {[%emt 0:00:00] Strongly threatening Qa8+.} Qe5+ {[%emt 0:00:04] Weighted Error Value: White=0.23 (precise) /Black=0.17 (very precise)} 1/2-1/2

[Event "FRA-ch Teams Top 16-B 2022"]
[Site "Chartres"]
[Date "2022.06.15"]
[Round "7.23"]
[White "Le Pen, Steven"]
[Black "Domenech, Vianney"]
[Result "0-1"]
[ECO "B90"]
[WhiteElo "2090"]
[BlackElo "2266"]
[Annotator "NA RC"]
[PlyCount "76"]
[EventDate "2022.06.09"]
[EventType "team-tourn"]
[EventCountry "FRA"]
[SourceTitle "playchess.com"]
[Source "ChessBase"]
[SourceQuality "1"]
[TimeControl "40/5400+30:1800+30"]

1. e4 c5 2. Nf3 d6 3. d4 cxd4 4. Nxd4 Nf6 5. Nc3 a6 6. Be3 e5 7. Nb3 Be7 8. f3 Be6 9. Qd2 h5 10. Nd5 Bxd5 11. exd5 Nbd7 12. Be2 Qc7 13. c4 a5 14. Rc1 O-O 15. O-O h4 16. Bg5 a4 17. Na1 Nc5 18. Bxh4 Nxd5 19. Bg3 Nf4 20. Bxf4 exf4 21. Nc2 Bf6 22. Rb1 Be5 23. Nb4 Ne6 24. Nd5 Qc5+ 25. Kh1 g6 26. b4 axb3 27. axb3 Kg7 28. Qb4 Qa7 29. Rfd1 Rh8 30. h3 Nd4 31. Bf1 Nf5 32. Nb6 Qa2 33. Qd2 Ng3+ 34. Kg1 Qa7 35. Qb4 Rac8 36. Kh2 Rc6 37. Nd5 Qf2 38. Qe1 Nxf1+ 0-1

[Event "FRA-ch Teams Top 16-B 2022"]
[Site "Chartres"]
[Date "2022.06.15"]
[Round "7.24"]
[White "Gennesseaux, Gabrielle"]
[Black "Ruhlmann, Helene"]
[Result "0-1"]
[ECO "B51"]
[WhiteElo "1794"]
[BlackElo "1779"]
[Annotator "NA RC COMBH"]
[PlyCount "86"]
[EventDate "2022.06.09"]
[EventType "team-tourn"]
[EventCountry "FRA"]
[SourceTitle "playchess.com"]
[Source "ChessBase"]
[SourceQuality "1"]
[TimeControl "40/5400+30:1800+30"]

1. e4 c5 2. Nf3 d6 3. Bb5+ Nd7 4. c4 e5 5. O-O a6 6. Ba4 g6 7. Nc3 Ne7 8. d3 Bg7 9. Bg5 O-O 10. h3 f6 11. Bd2 f5 12. a3 f4 13. b4 b6 14. Rb1 h6 15. Nd5 Nxd5 16. cxd5 b5 17. Bc2 Rf7 18. a4 Rb8 19. axb5 axb5 20. Bc3 Qf6 21. bxc5 dxc5 22. Bb3 Kh8 23. Qc2 Bf8 24. Bb2 Bd6 25. Ra1 g5 26. Nh2 h5 27. f3 Nf8 28. Ra5 Rg7 29. Rfa1 g4 30. fxg4 hxg4 31. hxg4 Bxg4 32. Nxg4 Rxg4 33. Kf2 Qh4+ 34. Kg1 f3 35. Qf2 Rxg2+ 36. Qxg2 fxg2 37. Kxg2 Qg5+ 38. Kf3 Qf4+ 39. Ke2 Qh2+ 40. Ke3 Qxb2 41. Rh1+ Kg8 42. Ra7 Qd4+ 43. Ke2 c4 0-1

[Event "FRA-ch Teams Top 16-B 2022"]
[Site "Chartres"]
[Date "2022.06.15"]
[Round "7.25"]
[White "Van Foreest, Jorden"]
[Black "Donchenko, Alexander"]
[Result "0-1"]
[ECO "B97"]
[WhiteElo "2715"]
[BlackElo "2599"]
[Annotator "TA"]
[PlyCount "46"]
[EventDate "2022.06.09"]
[EventType "team-tourn"]
[EventCountry "FRA"]
[SourceTitle "playchess.com"]
[Source "ChessBase"]
[SourceQuality "1"]
[TimeControl "40/5400+30:1800+30"]

1. e4 c5 2. Nf3 d6 3. d4 cxd4 4. Nxd4 Nf6 5. Nc3 a6 6. Bg5 e6 7. f4 Qb6 8. Qd2 Qxb2 9. Rb1 Qa3 10. Be2 Nbd7 11. O-O Qc5 12. Kh1 Be7 13. f5 {[%emt 0:02:42] B97: Sicilian Najdorf: Poisoned Pawn.} e5 14. Ne6 fxe6 15. fxe6 {[%emt 0:00:06] The position is equal.} O-O 16. exd7 $11 Bxd7 17. Rxb7 {[%emt 0:13:08] And now Bxf6 would win.} Ng4 {[%emt 0:00:42] Hoping for ...Rxf1+.} 18. h3 (18. Bxe7 $2 Rxf1+ 19. Bxf1 Nf2+ 20. Qxf2 Qxf2 $19) 18... Rxf1+ 19. Bxf1 Rf8 {[%emt 0:00:33][%cal Rf8f1] [#]} 20. hxg4 $146 {[%emt 0:15:23][%mdl 8192] Now White is beyond hope.} (20. Be2 $11 {and White is okay.} Bxg5 21. Qxg5 Nf2+ 22. Kh2 Nxh3 23. Qe7 (23. gxh3 Qxc3 24. Qg2 Qc6 $17) 23... Qg1+ 24. Kg3 Qe3+ 25. Kh2 Qf4+ 26. Kh1 Nf2+ 27. Kg1 Nh3+ 28. Kh1 Nf2+ 29. Kg1) ({Predecessor:} 20. Be2 Bxg5 21. Qxg5 Qc6 22. Bxg4 Qxb7 23. Qe7 Qb6 24. Be2 Qc6 25. Nd5 Qxc2 26. Bxa6 Bxh3 {½-½ (36) Selke,H-Tiemann,H DDR 1987}) 20... Rxf1+ $19 21. Kh2 Bxg5 {[%emt 0:13:48] Dancing on a razor blade.} ({And not} 21... Bxg4 22. Be3 Bg5 23. Bxg5 $11 (23. Rb8+ Kf7 $11)) 22. Qxg5 $2 {[%emt 0:01:26] [#]} (22. Rb8+ $19 Rf8 23. Rxf8+ Kxf8 24. Qxg5 Qxc3 25. Qd8+ Be8 26. Qxd6+ Kg8 27. Qb8) 22... Qg1+ $1 23. Kh3 {[%emt 0:10:32] [#]} h6 $1 {[%emt 0:05:52] Weighted Error Value: White=1.25/Black=0.10 (very precise)} 0-1

[Event "FRA-ch Teams Top 16-B 2022"]
[Site "Chartres"]
[Date "2022.06.15"]
[Round "7.26"]
[White "Hamitevici, Vladimir"]
[Black "Amin, Bassem"]
[Result "0-1"]
[ECO "D90"]
[WhiteElo "2482"]
[BlackElo "2686"]
[Annotator "TA"]
[PlyCount "52"]
[EventDate "2022.06.09"]
[EventType "team-tourn"]
[EventCountry "FRA"]
[SourceTitle "playchess.com"]
[Source "ChessBase"]
[SourceQuality "1"]
[TimeControl "40/5400+30:1800+30"]

1. d4 Nf6 2. c4 g6 3. Nc3 d5 4. Nf3 Bg7 5. h4 c6 6. cxd5 {[%emt 0:01:16] D90: Grünfeld: 4 Nf3 Bg7 sidelines.} cxd5 7. Bf4 Nc6 8. e3 {[%emt 0:00:08] The position is equal.} O-O 9. Be2 Bg4 10. Ne5 Bxe2 11. Qxe2 Rc8 {[%emt 0:02:54] [#]} 12. Rd1 $146 ({Predecessor:} 12. Qb5 Nh5 13. Bh2 e6 14. Nf3 Na5 15. O-O Rc4 16. b4 Nc6 17. Qxb7 Rxc3 18. Rac1 Nxd4 19. Nxd4 Bxd4 20. exd4 {0-1 (34) Khismatullin,D (2679)-Ponkratov,P (2624) Khanty-Mansiysk 2014}) 12... Ne4 13. Nxe4 dxe4 14. Qb5 Qa5+ 15. Qxa5 Nxa5 16. O-O Rfd8 17. b4 Bxe5 18. dxe5 Nc4 19. Rxd8+ Rxd8 $11 {[%emt 0:00:02][%mdl 4096] Endgame KRB-KRN} 20. Rc1 Nb6 21. Bh6 Rc8 22. Rd1 e6 23. Rd6 {[%emt 0:03:30] [#]} (23. Rd4 $11 {keeps the balance.}) 23... Nc4 $1 $17 24. Rd4 Nxe5 25. Rxe4 f6 {[%emt 0:00:39] ...Nf7 is the strong threat.} 26. Rd4 $2 (26. b5 $17 {keeps fighting.}) 26... Nf7 {[%emt 0:00:21] Weighted Error Value: White=0.33/Black=0.05 (flawless)} 0-1

[Event "FRA-ch Teams Top 16-B 2022"]
[Site "Chartres"]
[Date "2022.06.15"]
[Round "7.27"]
[White "Vocaturo, Daniele"]
[Black "Solodovnichenko, Yuri"]
[Result "1-0"]
[ECO "B66"]
[WhiteElo "2608"]
[BlackElo "2499"]
[Annotator "TA"]
[PlyCount "41"]
[EventDate "2022.06.09"]
[EventType "team-tourn"]
[EventCountry "FRA"]
[SourceTitle "playchess.com"]
[Source "ChessBase"]
[SourceQuality "1"]
[TimeControl "40/5400+30:1800+30"]

1. e4 c5 2. Nf3 Nc6 3. d4 cxd4 4. Nxd4 Nf6 5. Nc3 d6 6. Bg5 e6 7. Qd2 a6 8. O-O-O Be7 9. f4 Nxd4 10. Qxd4 b5 11. Be2 ({White should try} 11. Bxf6 $14 gxf6 12. Be2) 11... Rb8 {[%emt 0:07:06] B66: Sicilian: Richter-Rauzer: 7...a6 8 0-0-0 h6.} (11... Bb7 $11) 12. e5 $16 {[%emt 0:06:42] White is more active.} dxe5 13. Qxe5 Qb6 {[%emt 0:05:05] [#] White is slightly better.} 14. f5 $1 {[%emt 0:04:31] [#]} exf5 $146 (14... Rb7 $16 {is more resistant.}) ({Predecessor:} 14... Rb7 15. Bf3 Rc7 16. Be3 Bc5 17. Bxc5 Qxc5 18. Qxc5 Rxc5 19. fxe6 fxe6 20. Rhe1 Ke7 {½-½ (38) Chandler,M (2540)-Joachim,S (2443) Germany 2002}) 15. Bf3 $18 {[%emt 0:08:48] Threatens to win with Rhe1.} ({Stronger than} 15. Nd5 Nxd5 16. Rxd5 f6 17. Bh5+ Kf8 $15) 15... b4 $2 {[%emt 0:07:57] [#]} (15... Rb7 16. Bxb7 Qxb7 17. Bxf6 gxf6) 16. Rhe1 $1 {[%emt 0:06:23][%csl Ge1][%cal Re5e7] White is clearly winning.} Be6 (16... O-O 17. Na4) 17. Be3 {[%emt 0:04:01][%mdl 64] Trapped Piece} Ng4 18. Bxg4 Bf6 {[%emt 0:03:14] [#]} 19. Qg3 $1 {[%emt 0:03:14] Strongly threatening Nd5.} Bg5 (19... bxc3 20. Bxb6) 20. Nd5 Bxe3+ 21. Rxe3 {[%emt 0:00:28] Black did not feel at home in the position after the opening.  Weighted Error Value: White=0.06 (flawless) /Black=1.63} 1-0

[Event "FRA-ch Teams Top 16-B 2022"]
[Site "Chartres"]
[Date "2022.06.15"]
[Round "7.29"]
[White "Tregubov, Pavel V."]
[Black "Nezar, Mustapha"]
[Result "1-0"]
[ECO "B22"]
[WhiteElo "2541"]
[BlackElo "2357"]
[Annotator "TA"]
[PlyCount "127"]
[EventDate "2022.06.09"]
[EventType "team-tourn"]
[EventCountry "FRA"]
[SourceTitle "playchess.com"]
[Source "ChessBase"]
[SourceQuality "1"]
[TimeControl "40/5400+30:1800+30"]

1. e4 c5 2. Nf3 e6 3. c3 Nf6 4. e5 Nd5 5. d4 cxd4 6. cxd4 d6 7. Bc4 Be7 8. O-O O-O 9. Qe2 Nc6 10. Rd1 Na5 11. Bd3 {[%emt 0:00:35] B22: Sicilian: 2 c3.} Nb4 12. Nc3 $1 {[%emt 0:00:08][%mdl 4] is more profitable than 12.exd6 at the moment.} Nxd3 13. Rxd3 {[%emt 0:00:08] The position is equal.} b6 {[%emt 0:06:02] Strongly threatening ...Ba6.} 14. b4 Nc6 15. a3 d5 {[%emt 0:01:32] [#]} 16. Ne1 $146 ({Predecessor:} 16. Bf4 b5 17. Ne1 a5 18. Rb1 f5 19. exf6 Bxf6 20. Nf3 axb4 21. axb4 Qb6 22. Qd2 {½-½ (38) Willmann,B (2371)-Slawinski,T (2312) LSS email 2020}) 16... f6 17. exf6 Bxf6 18. Nf3 Bd7 19. Bf4 Rc8 20. Bd6 Re8 21. Qd2 Ne7 22. Re1 Nf5 23. Be5 Be7 24. h3 Nd6 25. Qf4 Nc4 26. Qg4 {[%emt 0:00:44][%csl Ge5][%cal Rg4g7] [#]} Nxe5 27. Nxe5 Bf6 28. Rf3 Bxe5 29. Rxe5 Rf8 $1 30. Rxf8+ Qxf8 31. Re3 Qf6 32. Ne2 Rf8 33. Rf3 {[%emt 0:00:45] Active counter play!} Qe7 34. Nf4 Rf5 35. Nd3 Rxf3 36. Qxf3 $11 {[%emt 0:00:07][%mdl 4096] Endgame KQB-KQN} Bb5 37. Ne5 Qc7 38. Qg4 Qe7 39. Qf4 Qc7 40. h4 Be8 41. Qe3 {[%emt 0:35:24] Against Qc3} Bf7 42. Qd2 Be8 43. g4 Ba4 44. Kg2 Bb5 45. h5 h6 46. Qe3 Be8 47. Nd3 Bf7 48. Nf4 a5 49. bxa5 (49. Nxe6 $6 Qd7 50. Nf4 Qxg4+ 51. Qg3 Qd1 $11) 49... bxa5 50. Kh3 ({Much weaker is} 50. Nxe6 Qd7 51. Nf4 Qxg4+ 52. Kh2 (52. Qg3 Bxh5 53. Qxg4 Bxg4 $15) 52... Bxh5 $15) 50... Qb6 51. Kg3 Qc7 (51... Qb1 $11) 52. Kf3 Qc2 53. Kg3 (53. Nd3 {looks sharper.} Qd1+ 54. Kf4 Qh1 55. Ne5) 53... Qc7 54. Kh3 Qb6 55. Nd3 ({White should try} 55. Qc3 $16) 55... Qb1 (55... Qb3 $1 $11) 56. Kg2 ({Better is} 56. Ne5 $1 $14) 56... Qd1 (56... Qb3 $11 {keeps the balance.}) 57. Ne5 $36 {[%emt 0:00:38][%mdl 2048] Hoping for Qc3. White is in control.} Be8 $2 {[%emt 0:01:21] [#] Black cannot hold the game after this.} (57... Qc2 $16 {was worth a try.}) 58. Nf3 $1 $18 Bf7 59. Qc3 {[%emt 0:00:33] Against Qc2} a4 60. Ne5 (60. Qc7 $142) 60... Be8 $2 (60... Kh7 $18 61. Nxf7 Qxg4+ 62. Qg3 Qxh5) 61. Qc8 {[%emt 0:00:46][%csl LRe6,LRe8] White mates.} Kf8 62. Qd8 Qxd4 63. Ng6+ Kf7 64. Qe7+ {[%emt 0:00:06][%mdl 64] Deflection.  Weighted Error Value: White=0.15 (very precise) /Black=0.28 (precise)} 1-0